[Event "*** MasterClass Titled Tuesday Blitz"]
[Site "Chess.com"]
[Date "2017.12.05"]
[Round "7"]
[White "kanachess88"]
[Black "pedromartinez91"]
[Result "1/2-1/2"]
[WhiteElo "2256"]
[BlackElo "2236"]
[TimeControl "180+2"]
[EndTime "15:43:23 PST"]
[Termination "Game drawn by repetition"]

1. e4 c5 2. Nf3 Nc6 3. d4 cxd4 4.
Nxd4 g6 5. Nc3 Bg7 6. Nxc6 bxc6 7. g3 Nf6 8. Bg2 O-O 9. O-O Rb8 10. Rb1 d6 11. b3 Bg4 12. Qd3 Nd7 13. Bb2 Qa5 14.
a3 Qh5 15. f3 Bh3 16. Ne2 Bxg2 17. Kxg2 Bxb2 18. Rxb2 Qc5 19. a4 Ne5 20. Qd4 Nc4 21. Qxc5 dxc5 22. bxc4 Rxb2 23. Rc1 Rd8 24. Kf2 Rd2 25.
Ke3 Rdxc2 26. Rxc2 Rxc2 27. Kd3 Ra2 28. Nc3 Ra3 29.
Kc2 f5 30. Kb2 Rxc3 31. Kxc3 fxe4 32. fxe4 Kf7 33. Kd3 Ke6 34. Ke3 Ke5 35. Kd3 g5 36.
Ke3 Kf6 37. Kf3 e5 38. Ke3 Kg6 39. g4 h5 40. h3 h4 41. Kd3 Kf7 42. Kc3 Ke7 43.
Kb3 Kd7 44. Ka3 Kc7 45. Kb3 Kb6 46. Ka3 Ka5 47. Kb3 Kb6 48. Ka3 Ka5 49. Kb3 Kb6 50.
Ka3 Ka5 51. Kb3 Kb6 52. Ka3 Ka5 53. Kb3 Kb6 1/2-1/2

[Event "*** MasterClass Titled Tuesday Blitz"]
[Site "Chess.com"]
[Date "2017.12.05"]
[Round "7"]
[White "GeorgMeier"]
[Black "tigra"]
[Result "1/2-1/2"]
[WhiteElo "2798"]
[BlackElo "2666"]
[TimeControl "180+2"]
[EndTime "15:43:27 PST"]
[Termination "Game drawn by agreement"]

1. Nf3 g6 2. g3 Bg7 3. d4 c5 4.
c3 cxd4 5. cxd4 d5 6. Nc3 Nc6 7. Bg2 a6 8. O-O b5 9. a4 bxa4 10. Nxd5 Bb7 11. Nc3 Nf6 12. d5 Nb8 13. Qxa4+ Nbd7 14. Ne5 O-O 15. Nc6 Qe8 16. Qb4 Bxc6 17. dxc6 Ne5 18. Qc5 Nh5 19. Be3 Ng4 20. Bd4 e5 21. Be3 f5 22. c7 e4 23. Bd4 Bxd4 24. Qxd4 Qf7 25. Nd5 Nhf6 26. Nb6 Qxc7 27. Nxa8 Rxa8 28. Rfc1 Qe7 29. Ra5 Rd8 30. Qc5 Qe6 31. h3 Nh6 32. Qc6 Rd1+ 33. Kh2 Nhg4+ 34. hxg4 Nxg4+ 35. Kh3 Nxf2+ 36. Kh2 Ng4+ 37. Kh3 Nf2+ 38. Kh2 Ng4+ 1/2-1/2

[Event "*** MasterClass Titled Tuesday Blitz"]
[Site "Chess.com"]
[Date "2017.12.05"]
[Round "7"]
[White "indfraeng"]
[Black "sting_vs"]
[Result "1-0"]
[WhiteElo "1826"]
[BlackElo "1434"]
[TimeControl "180+2"]
[EndTime "15:43:35 PST"]
[Termination "indfraeng won by checkmate"]

1. d4 d5 2. c4 e5 3. dxe5 d4 4. a3 Nc6 5. e3 dxe3 6. Qxd8+ Kxd8 7. Bxe3 Nxe5 8. Nc3 Be6 9. O-O-O+ Ke8 10. c5 Ne7 11.
Nb5 Nd5 12. Rxd5 Bxd5 13. Nxc7+ Kd7 14. Nxa8 Be7 15. Bf4 Bf6 16. Bb5+ Kc8 17. Nf3 Bxf3 18. gxf3 Kb8 19. Re1 Kxa8 20. Bxe5 Bxe5 21. Rxe5 Rc8 22. b4 a6 23. Bd7 Rd8 24. Re7 Kb8 25. Bf5 g6 26. Be4 f5 27. Rxb7+ Kc8 28. Bc6 Rd3 29. Rb6 Rxa3 30. Bb7+ Kc7 31. Rxa6 Rc3+ 32. Kb2 Rc4 33.
Rb6 Rf4 34. Bd5 Rh4 35. Rb7+ Kd8 36. Kb3 Rxh2 37. Kc4 Rxf2 38. Kb5 Rd2 39. Kc6 Kc8 40. Rxh7 g5 41. Rh8# 1-0

[Event "*** MasterClass Titled Tuesday Blitz"]
[Site "Chess.com"]
[Date "2017.12.05"]
[Round "7"]
[White "DiogenesSinopeus"]
[Black "R2D3"]
[Result "1-0"]
[WhiteElo "2351"]
[BlackElo "1697"]
[TimeControl "180+2"]
[EndTime "15:43:35 PST"]
[Termination "DiogenesSinopeus won by checkmate"]

1. e4 g6 2. d4 b6 3. Nc3 Bb7 4. Nf3 Bg7 5. Be3 Nf6 6. d5 O-O 7. e5 Ng4 8. Bf4 d6 9. exd6 exd6 10. Qd2 Qf6 11. h3 Re8+ 12. Be2 Ne5 13. Nxe5 dxe5 14.
Bg5 Qd6 15. O-O-O Nd7 16. Ne4 Qf8 17. Bb5 Red8 18. Bxd8 Rxd8 19. h4 f5 20. Ng5 Nc5 21. Kb1 h6 22. b4 Rxd5 23. Qc3 Ne4 24. Nxe4 Rxb5 25. Qc4+ Rd5 26. Nc3 Kh8 27. Nxd5 Bxd5 28. Qxd5 Qxb4+ 29. Qb3 Qc5 30. Rd8+ Kh7 31. Qg8# 1-0

[Event "*** MasterClass Titled Tuesday Blitz"]
[Site "Chess.com"]
[Date "2017.12.05"]
[Round "7"]
[White "GMKrikor"]
[Black "AndrBaryshpolets"]
[Result "0-1"]
[WhiteElo "2622"]
[BlackElo "2492"]
[TimeControl "180+2"]
[EndTime "15:43:49 PST"]
[Termination "AndrBaryshpolets won by resignation"]

1. e4 e6 2. d4 d5 3. Nd2 c5 4. Ngf3 cxd4 5. Nxd4 Nc6 6. Bb5 Bd7 7. Nxc6 bxc6 8. Bd3 Qc7 9. c4 dxe4 10. Nxe4 f5 11.
Nc3 Nf6 12. Bg5 Be7 13. O-O O-O 14. g3 e5 15. Qe2 e4 16. Bc2 Bc5 17. Rad1 Be6 18.
b3 Rae8 19. Na4 Bd6 20. Qd2 Be5 21. Qb4 Ng4 22. Nc5 Bc8 23. Qd2 h6 24. Bf4 Bxf4 25. Qxf4 Qxf4 26. gxf4 e3 27. fxe3 Nxe3 28. Rd2 Nxf1 29.
Kxf1 Rd8 30. Rg2 Rd4 31. Rf2 g5 32. fxg5 hxg5 33. Nd3 Kg7 34. Ne5 Rf6 35. Nf3 Rg4 36.
Re2 Rf4 37. Kg2 g4 38. Ne5 Rd4 39. Nd3 f4 40. Kf2 Bf5 0-1

[Event "*** MasterClass Titled Tuesday Blitz"]
[Site "Chess.com"]
[Date "2017.12.05"]
[Round "7"]
[White "Markov_Mikhail"]
[Black "temiksmozg"]
[Result "0-1"]
[WhiteElo "2596"]
[BlackElo "2526"]
[TimeControl "180+2"]
[EndTime "15:43:50 PST"]
[Termination "temiksmozg won by resignation"]

1. c4 e5 2. Nc3 Nf6 3. Nf3 Nc6 4.
a3 g6 5. g3 Bg7 6. Bg2 O-O 7. O-O d6 8. b4 h6 9. Rb1 Be6 10. d3 Qd7 11. b5 Ne7 12. Re1 Bh3 13. Bh1 Qg4 14. e4 Nd7 15. Nh4 Qxd1 16. Nxd1 g5 17. Ng2 Nc5 18. Nb2 f5 19. f3 f4 20. g4 h5 21. gxh5 Kf7 22. Kf2 Rh8 23.
Rg1 Rxh5 24. Ne1 Rah8 25. Bd2 Bf6 26. Bg2 Bxg2 27. Rxg2 Rxh2 28. Rxh2 Rxh2+ 29. Ng2 Ng6 30. Kg1 Rh3 31. Rf1 g4 32. Ne1 Bh4 33. Kg2 Bg3 34. Rh1 Nh4+ 35. Kg1 Rxh1+ 36. Kxh1 gxf3 0-1

[Event "*** MasterClass Titled Tuesday Blitz"]
[Site "Chess.com"]
[Date "2017.12.05"]
[Round "7"]
[White "TomasPabloFerreira"]
[Black "VeryAnonymousPatzer"]
[Result "1-0"]
[WhiteElo "958"]
[BlackElo "1131"]
[TimeControl "180+2"]
[EndTime "15:43:53 PST"]
[Termination "TomasPabloFerreira won on time"]

1. e4 e5 2. Nf3 Nc6 3. Bb5 a6 4. Bxc6 dxc6 5. O-O Bg4 6. d3 Bc5 7. h3 Bxf3 8. Qxf3 Ne7 9. Be3 Bd4 10. Nd2 O-O 11. a4 Bxb2 12. Rab1 Bc3 13. Rxb7 Bxd2 14. Bxd2 Rb8 15. Ra7 Ra8 16. Rxa8 Qxa8 17. Qg3 Ng6 18. h4 Kh8 19. h5 Ne7 20. Bh6 gxh6 21. Qxe5+ Kg8 22. Qxe7 Qb8 23. Qf6 Qb4 24. Qxc6 Qd6 25. Qxd6 cxd6 26. Rb1 Rc8 27. c4 Rc6 28. Rb7 Kg7 29.
g4 Kf6 30. f3 Ke6 31. Ra7 Kf6 32. Rb7 Ke6 33. Ra7 1-0

[Event "*** MasterClass Titled Tuesday Blitz"]
[Site "Chess.com"]
[Date "2017.12.05"]
[Round "7"]
[White "Sulvyfex"]
[Black "aa175"]
[Result "0-1"]
[WhiteElo "1335"]
[BlackElo "1870"]
[TimeControl "180+2"]
[EndTime "15:44:00 PST"]
[Termination "aa175 won by checkmate"]

1. e4 e5 2. Nf3 Nc6 3. Bb5 Nge7 4. O-O g6 5. c3 Bg7 6. d4 d6 7. d5 a6 8. Ba4 b5 9. Bc2 Na5 10. a4 Bd7 11. b4 Nc4 12. Nbd2 Nxd2 13. Qxd2 O-O 14.
Rd1 Qb8 15. Qe2 Qb7 16. c4 f5 17. c5 fxe4 18. Bxe4 Bf5 19. c6 Qb8 20. Bg5 Rf7 21. Bxe7 Bxe4 22. Qxe4 Rxe7 23. Qd3 e4 24. Qe3 Bxa1 25.
Ng5 Bf6 26. Ne6 Rxe6 27. dxe6 Qe8 28. Qxe4 Qe7 29. Qd5 Rb8 30. a5 Re8 31. Re1 Kg7 32. f3 Be5 33. f4 Bf6 34. g3 Qf8 35. Qd3 Re7 36. Qe3 Qe8 37. Qa7 Qxc6 38. Qb8 Bd4+ 39. Kf1 Qf3# 0-1

[Event "*** MasterClass Titled Tuesday Blitz"]
[Site "Chess.com"]
[Date "2017.12.05"]
[Round "7"]
[White "toad"]
[Black "ppchess2017"]
[Result "0-1"]
[WhiteElo "2139"]
[BlackElo "1804"]
[TimeControl "180+2"]
[EndTime "15:44:01 PST"]
[Termination "ppchess2017 won by checkmate"]

1. d4 d5 2. c4 Nf6 3. cxd5 c6 4. dxc6 Nxc6 5. e3 e5 6. Nf3 exd4 7.
Nxd4 Bb4+ 8. Bd2 O-O 9. Nxc6 Bxd2+ 10. Qxd2 bxc6 11. Qxd8 Rxd8 12. Nc3 Rb8 13. b3 Bf5 14.
Bc4 Bd3 15. Rd1 Bxc4 16. Rxd8+ Rxd8 17. bxc4 Rd3 18. Nd1 Ra3 19. O-O Rxa2 20. f3 a5 21.
e4 a4 22. Nc3 Ra3 23. Rc1 Nd7 24. Kf2 Nc5 25. Rc2 g6 26. Na2 Kg7 27. Nb4 Rb3 28. Nxc6 a3 29. Nd4 Rb2 30. Ke3 a2 31. Rxb2 a1=Q 32.
Rb5 Qc3+ 33. Kf4 Qxd4 34. Kg3 Qxc4 35. Rb6 Nxe4+ 36. fxe4 Qc7+ 37. Rd6 Qxd6+ 38. Kh3 f5 39. exf5 gxf5 40. g3 Qd3 41. Kh4 Kg6 42. h3 Qe4+ 43. g4 fxg4 44. hxg4 h5 45. Kh3 Qxg4+ 46. Kh2 Kf5 47. Kh1 Kf4 48. Kh2 Kf3 49. Kh1 Qg2# 0-1

[Event "*** MasterClass Titled Tuesday Blitz"]
[Site "Chess.com"]
[Date "2017.12.05"]
[Round "7"]
[White "chito89"]
[Black "bascheyaro"]
[Result "1-0"]
[WhiteElo "2620"]
[BlackElo "2618"]
[TimeControl "180+2"]
[EndTime "15:44:03 PST"]
[Termination "chito89 won by checkmate"]

1. d4 d5 2. c4 c6 3. Nf3 Nf6 4.
g3 g6 5. Bg2 Bg7 6. O-O O-O 7.
Qb3 Nbd7 8. cxd5 cxd5 9. Nc3 e6 10. Bf4 Nb8 11. Ne5 Nc6 12. Nxc6 bxc6 13. Na4 Ba6 14. Qc2 Nd7 15. Rfd1 Rc8 16. Bd6 Re8 17. Nc5 Nxc5 18. Bxc5 e5 19. dxe5 Rxe5 20. e3 Qc7 21. Rac1 Qb7 22.
Bd4 Ree8 23. b3 Bf8 24. Bb2 Bg7 25. Bxg7 Kxg7 26. Rd4 Qe7 27. h4 Bb7 28. Ra4 Ba8 29. Ra5 Rcd8 30. Qb2+ f6 31. Qd4 Rd7 32. b4 Rb7 33. a3 Rb6 34. Rac5 Rd8 35. Qf4 Qe5 36. Qg4 Bb7 37. R1c3 Bc8 38. Qd1 Bd7 39. e4 Be8 40. exd5 cxd5 41. Re3 Qb8 42. Re7+ Kh8 43. Rcc7 Rbd6 44. Rxh7+ Kg8 45. Rcg7+ Kf8 46. Rb7 Qc8 47. Rh8# 1-0

[Event "*** MasterClass Titled Tuesday Blitz"]
[Site "Chess.com"]
[Date "2017.12.05"]
[Round "7"]
[White "Winehouse83"]
[Black "krzyzan94"]
[Result "0-1"]
[WhiteElo "2392"]
[BlackElo "2604"]
[TimeControl "180+2"]
[EndTime "15:44:04 PST"]
[Termination "krzyzan94 won by resignation"]

1. d4 Nf6 2. c4 g6 3. Nc3 d5 4.
Nf3 Bg7 5. Bf4 O-O 6. Rc1 c6 7. e3 Be6 8. Qb3 Nbd7 9. h3 dxc4 10. Bxc4 Bxc4 11. Qxc4 Nb6 12. Qe2 Nfd5 13. Be5 Qd7 14. Bxg7 Kxg7 15. Ne5 Qe6 16. O-O f6 17. Nd3 Nd7 18. Nxd5 Qxd5 19. b3 Rfd8 20. Nc5 Nxc5 21. Rxc5 Qe6 22. Qc4 Qxc4 23. Rxc4 Rd5 24. Rfc1 Rad8 25.
Rc5 Kf7 26. Rxd5 Rxd5 27. Kf1 Ra5 28. Rc2 Ke6 29. Ke2 Kd5 30. Kd3 e5 31. e4+ Kd6 32. Kc4 exd4 33. Kxd4 Rg5 34. g3 a5 35. a4 h5 36. Rc3 b5 37. h4 Rg4 38. Ke3 bxa4 39. bxa4 f5 40. Rd3+ Ke6 41. exf5+ gxf5 42. Rd4 Ke5 43. Rxg4 fxg4 44. f4+ gxf3 45. Kxf3 Kf5 46. g4+ hxg4+ 47. Kg3 c5 48. h5 c4 49. h6 Kg6 50.
Kxg4 c3 0-1

[Event "*** MasterClass Titled Tuesday Blitz"]
[Site "Chess.com"]
[Date "2017.12.05"]
[Round "7"]
[White "TenisMaster"]
[Black "nurmiTV"]
[Result "0-1"]
[WhiteElo "2712"]
[BlackElo "2479"]
[TimeControl "180+2"]
[EndTime "15:44:09 PST"]
[Termination "nurmiTV won on time"]

1. e4 d6 2. d4 Nf6 3. Nc3 e5 4. Nf3 Nbd7 5. Bc4 Be7 6. O-O O-O 7. a4 a5 8. Re1 c6 9. h3 Qc7 10. b3 Re8 11. Bb2 Bf8 12. Bd3 exd4 13. Nxd4 Nc5 14. Qf3 Nfd7 15. Bf1 g6 16. Rad1 Bg7 17. Ndb5 cxb5 18. Nxb5 Qb8 19. Bxg7 Kxg7 20. Nxd6 Re7 21. Qc3+ Kg8 22. f4 b6 23. e5 Ba6 24. Bxa6 Rxa6 25. f5 Qf8 26. Rd2 Ra8 27. Rf2 Rd8 28. Nc4 Nb7 29. e6 Ndc5 30. exf7+ Rxf7 31. Ne5 Rxf5 32. Rxf5 Qxf5 33. Ng4 Qf8 34. Rf1 Qg7 35. Qc4+ Kh8 36. Rf7 Qa1+ 37. Kh2 Nd6 38. Nf6 Qe5+ 0-1

[Event "*** MasterClass Titled Tuesday Blitz"]
[Site "Chess.com"]
[Date "2017.12.05"]
[Round "7"]
[White "Vojtastr"]
[Black "Kaphrep"]
[Result "0-1"]
[WhiteElo "2398"]
[BlackElo "2583"]
[TimeControl "180+2"]
[EndTime "15:44:14 PST"]
[Termination "Kaphrep won by resignation"]

1. d4 Nf6 2. Nf3 d5 3. c4 e6 4. Nc3 Nbd7 5. Bg5 h6 6. Bh4 Be7 7. e3 O-O 8. Rc1 c5 9. cxd5 Nxd5 10. Bxe7 Nxe7 11. Be2 b6 12. O-O Bb7 13. dxc5 Nxc5 14. b4 Nd7 15. Qb3 Nd5 16. Rfd1 a5 17. Nxd5 Bxd5 18. Qb2 axb4 19. Qxb4 Rxa2 20. e4 Rxe2 21. exd5 exd5 22. Rxd5 Qe7 23. Qxe7 Rxe7 24. Rc7 Rfe8 25. g3 Nc5 26. Rc6 Re6 27. Rxe6 Rxe6 28. Nd4 Re1+ 29. Kg2 g6 30. Rd8+ Kg7 31. Rb8 Rd1 32. Nf3 Nd7 33. Rb7 Kf6 34. h4 Ke6 35. h5 gxh5 36. Rc7 Kd6 37. Rc4 b5 38. Rf4 f6 39. Nd4 Kc5 40.
Ne6+ Kd6 41. Nd4 Kc5 42. Ne6+ Kd5 43. Ng7 Rd4 44. Rf3 b4 45. Nxh5 Kc4 46. Nxf6 b3 47. Nxd7 Rxd7 48. Rf4+ Rd4 49. Rf6 b2 50. Rb6 Kc3 51.
Rxb2 Kxb2 52. f4 Kc3 53. Kf3 Kc4 0-1

[Event "*** MasterClass Titled Tuesday Blitz"]
[Site "Chess.com"]
[Date "2017.12.05"]
[Round "7"]
[White "lucasmito"]
[Black "1random"]
[Result "0-1"]
[WhiteElo "2201"]
[BlackElo "2200"]
[TimeControl "180+2"]
[EndTime "15:44:16 PST"]
[Termination "1random won on time"]

1. e4 d5 2. exd5 Nf6 3. d4 Bg4 4. Be2 Bxe2 5. Nxe2 Qxd5 6. O-O Nc6 7. Nbc3 Qh5 8. Ng3 Qxd1 9. Rxd1 O-O-O 10. Be3 e6 11. Nce4 Nxe4 12. Nxe4 Nb4 13. c3 Nd5 14. c4 Nxe3 15.
fxe3 Be7 16. Nc3 Bg5 17. Kf2 e5 18. Ne4 Bh4+ 19. Kf3 f5 20. Nc5 Bf6 21. Nb3 exd4 22. exd4 Rhe8 23. Rd3 Re4 24. Rad1 Rde8 25. Nc5 Re2 26.
R1d2 Re1 27. d5 Bg5 28. Rc2 Rf1+ 29. Rf2 Rxf2+ 30. Kxf2 Bf6 31. b3 g6 32. Ne6 Kd7 33. Nc5+ Kc8 34. Ne6 b6 35. c5 Kd7 36. b4 Ra8 37. g3 a5 0-1

[Event "*** MasterClass Titled Tuesday Blitz"]
[Site "Chess.com"]
[Date "2017.12.05"]
[Round "7"]
[White "Grebeniuk-S"]
[Black "MateusViageiro"]
[Result "1/2-1/2"]
[WhiteElo "2391"]
[BlackElo "2177"]
[TimeControl "180+2"]
[EndTime "15:44:19 PST"]
[Termination "Game drawn by repetition"]

1. Nf3 Nf6 2. d4 e6 3. e3 b6 4. Nbd2 Bb7 5. Bd3 c5 6. O-O Be7 7. b3 O-O 8. Bb2 d5 9. Qe2 Nbd7 10. Rfd1 a6 11. Ne5 Qc7 12. Rac1 b5 13. Nxd7 Qxd7 14. dxc5 b4 15. c4 Rfc8 16. cxd5 Bxd5 17. Nc4 Bxc5 18. e4 Bxc4 19. Bxc4 Qe7 20. Rd3 a5 21. Rg3 Ne8 22. Qh5 a4 23. Qh6 g6 24. Rh3 Nf6 25. Rf3 Ne8 26. h4 axb3 27. Bxb3 Qf8 28. Qg5 Bd6 29. Rd1 Be7 30. Qe5 Ng7 31. h5 Rc5 32. Qxg7+ Qxg7 33. Bxg7 Kxg7 34. hxg6 hxg6 35. Rd7 Re8 36. g3 Rc3 37. Kg2 Rxf3 38. Kxf3 Kf8 39. Rb7 Rc8 40. Ke2 Rc3 41. Rb8+ Kg7 42. Rb7 Kf8 43. Rb8+ Kg7 44. Rb7 Kf8 1/2-1/2

[Event "*** MasterClass Titled Tuesday Blitz"]
[Site "Chess.com"]
[Date "2017.12.05"]
[Round "7"]
[White "TheBigBoss04"]
[Black "luisgui16"]
[Result "0-1"]
[WhiteElo "2494"]
[BlackElo "2321"]
[TimeControl "180+2"]
[EndTime "15:44:20 PST"]
[Termination "luisgui16 won by resignation"]

1. d4 Nf6 2. c4 g6 3. Nc3 Bg7 4. e4 d6 5. Nf3 O-O 6. h3 e5 7. d5 Nh5 8. g3 a5 9. Be2 Na6 10. Be3 Nc5 11. Nd2 Nf6 12. g4 Ne8 13. g5 f5 14. h4 Bd7 15. h5 c6 16. hxg6 hxg6 17. exf5 Bxf5 18. Bxc5 dxc5 19. Nde4 Bxe4 20.
Nxe4 Rf4 21. Nxc5 Qb6 22. Nd3 Rd4 23. Bg4 e4 24. Be6+ Kf8 25. Qg4 exd3 26. Qf3+ Ke7 27. Qf7+ Kd6 28. Qd7+ Ke5 29. O-O Qc7 30. Rae1+ Kf4 31.
Re3 Qxd7 32. Bxd7 Nd6 33. Kg2 Nf5 34. Rf3+ Kxg5 35. Rg1 Rg4+ 36. Kf1 Rxg1+ 37. Kxg1 d2 38.
Rd3 cxd5 39. cxd5 Bxb2 40. Rxd2 Be5 41. Be6 Rd8 42. Re2 Kf6 43. Kg2 Nd4 0-1

[Event "*** MasterClass Titled Tuesday Blitz"]
[Site "Chess.com"]
[Date "2017.12.05"]
[Round "7"]
[White "Tash_Boy"]
[Black "sandromareco"]
[Result "0-1"]
[WhiteElo "2437"]
[BlackElo "2614"]
[TimeControl "180+2"]
[EndTime "15:44:22 PST"]
[Termination "sandromareco won by resignation"]

1. e4 c5 2. Nf3 e6 3. d4 cxd4 4. Nxd4 a6 5. c4 Qc7 6. a3 Nf6 7. Nc3 Be7 8. Be2 d6 9. O-O b6 10. Be3 Bb7 11. f3 Nbd7 12. Rc1 O-O 13. b4 Rac8 14.
Na4 Qb8 15. Rc2 Rfe8 16. Qd2 d5 17. exd5 exd5 18. Nf5 Bd8 19. c5 bxc5 20. bxc5 Bc6 21.
Rb2 Qe5 22. Nd6 Qxe3+ 23. Qxe3 Rxe3 24. Nxc8 Bxa4 25. Bxa6 Nxc5 26. Bb5 Bxb5 27. Rxb5 Ne6 28. a4 Ra3 29. Na7 Rxa4 30. Nc6 Kf8 31. Rb8 Ke8 32. Re1 Kd7 33. Ne5+ Kc7 34. Rb3 d4 35. Nxf7 Nc5 36. Rbb1 d3 37. Rbc1 Nd7 38. Red1 Rd4 39. Nxd8 Kxd8 40.
Kf2 Ke7 41. Ke3 Rd5 42. Rc4 Ne5 43. Rd4 Ke6 44. Rb1 Nc6 45. Rxd5 Kxd5 46. Rb6 Ne5 47. Rb8 Nc4+ 48. Kf2 Kd4 49. Rg8 d2 50. Ke2 Na4 51. Rd8+ Kc3 52. Rc8 Nb2 0-1

[Event "*** MasterClass Titled Tuesday Blitz"]
[Site "Chess.com"]
[Date "2017.12.05"]
[Round "7"]
[White "champ2005"]
[Black "pastouche06"]
[Result "1/2-1/2"]
[WhiteElo "2433"]
[BlackElo "2334"]
[TimeControl "180+2"]
[EndTime "15:44:23 PST"]
[Termination "Game drawn by repetition"]

1. e4 c6 2. Nc3 d5 3. Qf3 d4 4. Nce2 e5 5. d3 Nf6 6. Qg3 Nbd7 7. Nf3 g6 8. Nxe5 Qa5+ 9. Bd2 Qxe5 10. Qxe5+ Nxe5 11. Nxd4 Bg7 12. f4 Ned7 13. Nf3 O-O 14. h3 Nh5 15. O-O-O Ng3 16. Rg1 f5 17. e5 Nc5 18. d4 Nxf1 19. Rgxf1 Ne4 20. Be3 Be6 21. Kb1 Bd5 22. Nd2 Nxd2+ 23. Rxd2 b5 24. g4 Be4 25. g5 h5 26. h4 Kf7 27. b3 Ke6 28. Rdd1 a5 29.
Kb2 Rfb8 30. a3 Bf8 31. Rd2 a4 32. b4 Kd5 33. Bg1 Ke6 34. Re1 Be7 35. Re3 c5 36. dxc5 Rd8 37. Ree2 Bf3 38. Rf2 Bc6 39. Kc3 Rd5 40.
Rxd5 Kxd5 41. Re2 Rd8 42. Re1 Ke6 43. Bd4 Rd5 44. Re2 Rd8 45. Re1 Be4 46. Re2 Bc6 47.
Re1 Rd7 48. Re2 Rd8 49. Re3 Rd7 50. Re2 Rd8 51. Re3 Rd7 52. Re2 Rd8 1/2-1/2

[Event "*** MasterClass Titled Tuesday Blitz"]
[Site "Chess.com"]
[Date "2017.12.05"]
[Round "7"]
[White "MRniceplay"]
[Black "FearNoEvil12"]
[Result "1-0"]
[WhiteElo "2248"]
[BlackElo "2053"]
[TimeControl "180+2"]
[EndTime "15:44:25 PST"]
[Termination "MRniceplay won by resignation"]

1. e4 a6 2. d4 b5 3. Bd3 Bb7 4. c3 e6 5. Qe2 Nf6 6. f4 c5 7. Nf3 Qb6 8. e5 Nd5 9. a3 Nc6 10. Nbd2 cxd4 11. Ne4 dxc3 12. bxc3 f5 13. exf6 gxf6 14.
f5 O-O-O 15. c4 bxc4 16. Bxc4 Na5 17. Bxd5 exd5 18. Be3 Qc7 19. Rc1 Nc6 20. Nxf6 Bxa3 21. Nxd5 Qa5+ 22. Rc3 Bb2 23. Ne7+ Kc7 24. Qxb2 Rde8 25.
f6 Rhf8 26. O-O Rxf6 27. Bb6+ Qxb6+ 28. Qxb6+ Kxb6 29. Nd5+ Ka7 30. Nxf6 Re2 31. Rf2 Re7 32. Rb2 Rg7 33. Rd3 d5 34. Rxd5 Nb8 35. Rd8 Bxf3 36. Rbxb8 Rxg2+ 37. Kf1 Rxh2 38. Rb3 Bc6 39. Rc8 Rc2 40.
Ke1 Bb7 41. Rxc2 1-0

[Event "*** MasterClass Titled Tuesday Blitz"]
[Site "Chess.com"]
[Date "2017.12.05"]
[Round "7"]
[White "Sola00"]
[Black "nicegg"]
[Result "1-0"]
[WhiteElo "1544"]
[BlackElo "1984"]
[TimeControl "180+2"]
[EndTime "15:44:26 PST"]
[Termination "Sola00 won by resignation"]

1. d4 Nf6 2. Bf4 c5 3. e3 Qb6 4. Nc3 Qxb2 5. Nb5 Na6 6. Rb1 Qxa2 7. Ra1 Qb2 8. Rxa6 bxa6 9. Nc7+ Kd8 10. Nxa8 Nd5 11. Nf3 Nxf4 12. exf4 Qc3+ 13. Qd2 Qxd2+ 14. Kxd2 f6 15. Bc4 Bb7 16. Rb1 Kc8 17. dxc5 e6 18. c6 dxc6 19. Bxe6+ Kb8 20. Nd4 Kxa8 21. Bd7 Bc5 22. Bxc6 Bxc6 23. Nxc6 Rc8 24. Na5 Bxf2 25. Kd3 Bb6 26. Ra1 Rd8+ 27. Ke2 Rd4 28. Nb3 Re4+ 29. Kd3 Rxf4 30. Re1 Rg4 31. g3 a5 32. c3 a4 33. Nd4 Bxd4 34. cxd4 Kb7 35. Ra1 Rg5 36. Rxa4 Kb6 37. Kc4 h5 38. Ra1 a5 39. Re1 h4 40.
gxh4 Rh5 41. Re6+ Kb7 42. Re7+ Kb6 43. Rxg7 Rxh4 44. Rg6 Rf4 45. h4 a4 46. h5 a3 47.
Kc3 a2 48. Kb2 Rf2+ 49. Ka1 Kb5 50. h6 Kc4 51. Rg8 Rh2 52. Rh8 Kb3 53. Rb8+ Kc4 54. Rh8 Kxd4 55. h7 Ke4 56. Re8+ Kf4 57. h8=Q Rxh8 58. Rxh8 f5 59. Kxa2 Ke3 60. Kb2 f4 61. Kc1 Ke2 62. Re8+ Kf1 63. Kd1 f3 64. Re1+ Kf2 65.
Kd2 Kg2 66. Ke3 Kg3 67. Rf1 Kg2 68. Rxf3 1-0

[Event "*** MasterClass Titled Tuesday Blitz"]
[Site "Chess.com"]
[Date "2017.12.05"]
[Round "7"]
[White "Saitama_Hero"]
[Black "LuisFSiles"]
[Result "1-0"]
[WhiteElo "2123"]
[BlackElo "2218"]
[TimeControl "180+2"]
[EndTime "15:44:28 PST"]
[Termination "Saitama_Hero won by resignation"]

1. d4 f5 2. Qd3 d5 3. g4 g6 4. g5 Nc6 5. Nf3 Bg7 6. Bf4 e6 7. Nc3 Nge7 8. Nb5 e5 9. Nxe5 Nxe5 10. Bxe5 Bxe5 11. dxe5 a6 12. Nc3 Be6 13. Bg2 c6 14.
O-O-O Qa5 15. Kb1 O-O-O 16. Qd4 Kb8 17. e3 c5 18. Qa4 Qc7 19. f4 d4 20. exd4 cxd4 21. Rxd4 Rxd4 22. Qxd4 Rd8 23. Qe3 Nc6 24. Rd1 Rxd1+ 25. Nxd1 Nb4 26. Nc3 Bxa2+ 27. Kc1 Be6 28. Qd4 Nc6 29. Qc5 Nd8 30. Qxc7+ Kxc7 31. Nd5+ Bxd5 32.
Bxd5 Kd7 33. c4 b6 34. Kd2 Ne6 35. Ke3 a5 36. Bxe6+ Kxe6 37. b3 Kd7 38. Kd4 Kc6 39. h4 Kd7 40. Kd5 Kc7 41. e6 Kd8 42. Kd6 Ke8 43.
Kc6 1-0

[Event "*** MasterClass Titled Tuesday Blitz"]
[Site "Chess.com"]
[Date "2017.12.05"]
[Round "7"]
[White "Caisachess"]
[Black "HolyInquisitor0001"]
[Result "0-1"]
[WhiteElo "2311"]
[BlackElo "1669"]
[TimeControl "180+2"]
[EndTime "15:44:36 PST"]
[Termination "HolyInquisitor0001 won by resignation"]

1. e4 Nf6 2. Nc3 d5 3. e5 Ne4 4.
d4 Nxc3 5. bxc3 c5 6. Bd3 Nc6 7.
Be3 Qa5 8. Qd2 c4 9. Be2 Bf5 10. g4 Be4 11. f3 Bg6 12. f4 e6 13. Nf3 Qa4 14. Bd1 h5 15. g5 Ba3 16. Rb1 b5 17. O-O Ke7 18. Nh4 Be4 19. f5 g6 20.
fxe6 fxe6 21. Rf6 Rhg8 22. Qg2 Bxg2 23. Nxg2 Raf8 24. Nf4 Rxf6 25. gxf6+ Kf7 26. Nh3 Nd8 27. Ng5+ Ke8 28. h4 Rf8 29. Kf2 Rf7 30. Ke1 Bf8 31. Kd2 Qxa2 32. Rxb5 Qa4 33. Rb8 Qc6 34. Bf3 Qc7 35.
Rb5 a5 36. Kc1 a4 37. Kb2 Kd7 38. Bg2 a3+ 39. Ka2 Qc6 40. Rb1 Qa4 41. Rc1 Qb5 42. Rb1 Qa4 43. Rc1 Qb5 44. Rb1 Qa4 45. Rc1 Ke8 46.
Bh3 Bh6 47. Bd2 Bxg5 48. Bxg5 Kd7 49. Rb1 Rf8 50. Rc1 Ke8 51. Bf1 Kf7 52. Be2 Qa6 53. Bd1 Qa5 54. Rb1 Qxc3 0-1

[Event "*** MasterClass Titled Tuesday Blitz"]
[Site "Chess.com"]
[Date "2017.12.05"]
[Round "7"]
[White "MasterBlitz83"]
[Black "Rhinos1"]
[Result "0-1"]
[WhiteElo "1530"]
[BlackElo "2043"]
[TimeControl "180+2"]
[EndTime "15:44:40 PST"]
[Termination "Rhinos1 won by resignation"]

1. e4 e5 2. Nf3 Nc6 3. Bc4 Nf6 4. Ng5 d5 5. exd5 b5 6. Bf1 Qxd5 7. Nc3 Qd8 8. Bxb5 Bb7 9. O-O Be7 10. Re1 O-O 11.
d3 Nd5 12. Qh5 Bxg5 13. Bxg5 f6 14. Bd2 Kh8 15. Re4 Nxc3 16. bxc3 g6 17. Qh6 Rf7 18. Rh4 Rg7 19. Qe3 Ne7 20. Qh3 Nf5 21. Rb4 a5 22. Rb2 Bc8 23. Qf3 Rb8 24. Rab1 Bb7 25. Qe2 Qd5 26. f3 Qc5+ 27. Kh1 Nd6 28. Bd7 Rxd7 29. Be3 Qc6 30. d4 Re8 31. Qf2 Qxc3 32.
dxe5 fxe5 33. Bg5 Rf7 34. Rxb7 Nxb7 35. Rxb7 Qa1+ 36. Qg1 Qxg1+ 37. Kxg1 e4 38. fxe4 Rxe4 39. Rb8+ Kg7 40. h4 Re2 41. Rb5 h6 42. Bd8 Rff2 43.
Rxa5 Rxg2+ 44. Kf1 Rxc2 45. Ra7 Rgd2 46. Ke1 Rxd8 0-1

[Event "*** MasterClass Titled Tuesday Blitz"]
[Site "Chess.com"]
[Date "2017.12.05"]
[Round "7"]
[White "ZCorrales"]
[Black "Apocalyps999"]
[Result "0-1"]
[WhiteElo "2163"]
[BlackElo "2423"]
[TimeControl "180+2"]
[EndTime "15:44:42 PST"]
[Termination "Apocalyps999 won by resignation"]

1. e4 c5 2. Nf3 d6 3. d4 cxd4 4. Qxd4 Nc6 5. Bb5 Bd7 6. Bxc6 Bxc6 7. c4 Nf6 8. Nc3 g6 9. O-O Bg7 10. Qe3 O-O 11. Qe2 Rc8 12. Rd1 Nd7 13. Bg5 h6 14.
Bd2 a6 15. Rab1 Kh7 16. h3 b6 17. b3 Bb7 18. Nd5 e6 19. Nc3 b5 20. Be1 bxc4 21.
bxc4 Nc5 22. Qe3 Qc7 23. Nd4 Ba8 24. Bd2 Nd7 25. Rdc1 Qxc4 26. Nde2 Qc5 27. Qf4 Qe5 28. Qe3 Rb8 29. g3 Rxb1 30. Rxb1 Rc8 31. Kh2 f5 32. f4 Qc5 33. Qxc5 Nxc5 34. exf5 gxf5 35. Rb6 Ne4 36.
Nxe4 Bxe4 37. Rxd6 Rc2 38. Kg1 Bd5 39. Rd7 Rxd2 40.
Nc3 Kg6 41. Nxd5 Rxd5 42. Re7 Kf6 43. Ra7 Ra5 44. g4 Rxa2 45. g5+ hxg5 46. fxg5+ Kg6 47. h4 Bd4+ 0-1